Cogmind - Beta 13 @@@ ROGUE MODE // 2024.06.12 @ 17:24:20 Player: Minty Result: Destroyed by S-27 Virus with Autogun Performance ------------- Evolutions (3) 1500 Regions Visited (4) 800 Robots Destroyed (99) 495 Value Destroyed (3004) 3004 Prototype IDs (17) 340 Alien Tech Used (0) 0 Bonus (397) 397 TOTAL SCORE: 6536 Bonus ------- High Alert Combat Kills 401 Follower Combat Kills 35 Friendly Fire -39 Cogmind --------- Core Integrity 0/700 Matter 262/300 Energy 90/100 System Corruption 15% Temperature Cool (9) Movement Rolling (100) Location -7/Factory Parts ------- > --- POWER (2) -------- (None) > --- PROPULSION (3) --- Armored Huge Wheel > --- UTILITY (5) ------ Medium Storage Unit Improved Sensor Array Improved Signal Interpreter > --- WEAPON (3) ------- (None) > --- INVENTORY (10) --- Improved Cooling System Improved Sensor Array Advanced ECM Suite System Shield Plasma Cannon Cooled Particle Cannon Cooled Particle Cannon Gauss Cannon Heavy Missile Launcher Heavy Missile Launcher Peak State ------------ > --- POWER ------------ Light Nuclear Core Micro Nuclear Core > --- PROPULSION ------- Medium Treads Medium Treads Medium Treads > --- UTILITY ---------- Improved Cooling System Medium Storage Unit Improved Sensor Array Improved Medium Armor Plating Hacking Suite > --- WEAPON ----------- Enhanced Autogun Enhanced Autogun Enhanced Autogun > --- INVENTORY -------- Improved Sensor Array Improved Weapon Shielding Lightning Gun Arc Projector Improved EM Pulse Cannon Cooled Particle Cannon Gauss Cannon Advanced EMP Blaster Heavy Missile Launcher Heavy Missile Launcher [Rating: 49] Favorites ----------- Power Light Nuclear Core Engine Light Ion Engine Power Core Light Nuclear Core Propulsion Light Treads Treads Light Treads Leg Aluminum Leg Wheel Wheel Hover Unit Antigrav System Flight Unit Xenon Bombardment Thruster Utility Medium Storage Unit Device Improved Sensor Array Storage Medium Storage Unit Processor Improved Signal Interpreter Hackware Hacking Suite Protection Reactive Plating Weapon Enhanced Autogun Energy Gun Improved Medium Laser Energy Cannon Improved EM Pulse Cannon Ballistic Gun Enhanced Autogun Ballistic Cannon Light Cannon Launcher Advanced EMP Blaster Build | -11 -10 -9 -8 -7 ------- Run | Yrd Mat Mat Mat Fac Slots Evolved 6 | . . 2 2 2 Power 1 | . . . 1 . Propulsion 1 | . . . . 1 Utility 3 | . . 2 . 1 Weapon 1 | . . . 1 . Parts Attached 130 | . 7 17 28 78 Power 15 | . . 3 5 7 Engine 7 | . . 3 4 . Core 8 | . . . 1 7 Reactor . | . . . . . Propulsion 26 | . 3 . 5 18 Treads 13 | . 2 . 2 9 Leg 2 | . 1 . 1 . Wheel 5 | . . . 2 3 Hover 2 | . . . . 2 Flight 4 | . . . . 4 Utility 28 | . 2 5 3 18 Device 11 | . . 3 1 7 Storage 4 | . 1 2 . 1 Processor 2 | . . . . 2 Hackware 1 | . . . 1 . Protection 10 | . 1 . 1 8 Artifact . | . . . . . Weapon 61 | . 2 9 15 35 Energy Gun 18 | . . 5 6 7 Energy Cannon 11 | . . 2 3 6 Ballistic Gun 13 | . . . 4 9 Ballistic Cannon 9 | . 2 2 . 5 Launcher 10 | . . . 2 8 Special Weapon . | . . . . . Impact Weapon . | . . . . . Slashing Weapon . | . . . . . Piercing Weapon . | . . . . . Special Melee Weapon . | . . . . . Unidentified Prototypes 6 | . . 1 3 2 Corrupted Parts 1 | . . . . 1 System Corruption 1 | . . . . 1 Parts Lost 29 | . . 2 7 20 Power 8 | . . 1 3 4 Propulsion 9 | . . . 3 6 Utility 8 | . . 1 1 6 Weapon 4 | . . . . 4 Highest Loss Streak 8 | . . 1 4 8 To Critical Strikes . | . . . . . Average Slot Usage (%) 85 | . 85 94 75 85 Engine 4 | . 14 10 11 1 Core 7 | . . . 4 10 Treads 13 | . 1 22 12 12 Leg 1 | . 26 . . . Wheel 3 | . . . 3 4 Device 10 | . . 18 8 10 Storage 8 | . 14 11 9 7 Processor 3 | . . . . 5 Hackware 3 | . . . 6 3 Protection 5 | . 1 9 . 6 Energy Gun 4 | . 9 10 5 3 Energy Cannon 3 | . . 4 5 2 Ballistic Gun 8 | . 9 . 9 10 Ballistic Cannon 1 | . 8 7 . . Naked Turns . | . . . . . Heaviest Build 49 | 13 24 26 41 49 Greatest Support 84 | 20 40 40 42 84 Greatest Overweight (x) 4 | . 1 . 3 4 Average Overweight (x) . | . . . . 1 Largest Inventory Capacity 10 | . 10 10 10 10 Average Capacity 9 | . 8 10 10 10 Most Carried 10 | . 10 10 10 10 Average Carried 9 | . 7 9 9 9 Final Capacity 10 | 8 10 10 10 10 Final Carried 10 | 6 9 9 10 10 Class Distribution -------------------- 48% | Mutant 26% | Tank 19% | Skirmisher 6% | Scavenger-Tank Dominant Class ---------------- Mutant | -10/Materials Mutant | -9/Materials Mutant | -8/Materials Tank | -7/Factory Resources | -11 -10 -9 -8 -7 ----------- Run | Yrd Mat Mat Mat Fac Matter Collected 2527 | 185 72 334 360 1576 Remotely . | . . . . . Salvage Created 3648 | . 183 642 794 2029 Parts 215 | . 16 42 28 129 Haulers Intercepted 7 | . . 3 2 2 Recyclers Shooed 4 | . . 2 2 . Parts Field Recycled . | . . . . . Retrieved Matter . | . . . . . Parts Self-Destructed . | . . . . . Prevented . | . . . . . Kills | -11 -10 -9 -8 -7 ------- Run | Yrd Mat Mat Mat Fac Combat Hostiles Destroyed 74 | . 8 15 13 38 Melee 1 | . . . . 1 Guns 34 | . 8 9 3 14 Cannons 21 | . . 6 7 8 AOE 12 | . . . . 12 Classes Destroyed 15 | . 3 3 1 8 Worker 5 | . . . . 5 Builder 5 | . 1 . . 4 Tunneler 1 | . . . . 1 Hauler 7 | . . 3 2 2 Recycler 5 | . . 1 2 2 Operator 1 | . . . . 1 Watcher 3 | . . 2 . 1 Swarmer 21 | . 6 7 4 4 Cutter 1 | . . . . 1 Grunt 40 | . 2 8 7 23 Duelist 1 | . . . . 1 Sentry 4 | . . . 2 2 Specialist 1 | . . . . 1 Hunter 2 | . . . . 2 Programmer 4 | . . . . 4 Best Kill Streak 9 | . 9 6 5 6 Combat Bots Only 8 | . 8 6 3 4 Max Kills in Single Turn 3 | . 2 1 2 3 Gunslinging 1 | . 1 . 1 1 Exploded 3 | . . . . 3 Melee 1 | . . . . 1 Uniques/NPCs Destroyed . | . . . . . Combat | -11 -10 -9 -8 -7 -------- Run | Yrd Mat Mat Mat Fac Hostile Shots Fired 516 | . 31 85 115 285 Missed 141 | . 2 24 28 87 Damage Taken 5699 | . 235 638 1070 3756 Core 1059 | . 48 92 210 709 Absorbed by Shields . | . . . . . Redirected to Shielding 279 | . . . . 279 Ignored by Resistances 57 | . . . . 57 Regen/Repaired (Parts) 88 | . . . . 88 Core Remaining (%) 79 | 100 80 77 61 . Volleys Fired 228 | . 17 47 39 125 Largest 3 | . 2 2 3 3 Hottest 179 | . 70 112 140 179 Shots Fired 470 | . 34 88 70 278 Gun 289 | . 34 38 28 189 Cannon 157 | . . 50 38 69 Launcher 24 | . . . 4 20 Special . | . . . . . Kinetic 209 | . 17 36 16 140 Thermal 130 | . 17 32 38 43 Explosive 18 | . . . . 18 Electromagnetic 113 | . . 20 16 77 Robot Hit Streak 12 | . 6 10 12 10 Robot Miss Streak 9 | . 5 4 5 9 Penetration Max . | . . . . . Secondary Targets 9 | . 4 1 2 2 Max Gunslinging Chain 2 | . 1 1 2 1 Shots Hit Robots 294 | . 21 50 51 172 Core Hits 152 | . 14 23 26 89 Critical Kills . | . . . . . Critical Parts Destroyed 1 | . . . 1 . Critical Strikes 12 | . 3 3 1 5 Burn 5 | . 3 1 . 1 Destroy 1 | . . . 1 . Blast 5 | . . 2 . 3 Corrupt 1 | . . . . 1 Melee Attacks . | . . . . . Impact . | . . . . . Slashing . | . . . . . Piercing . | . . . . . Sneak Attacks . | . . . . . Combat Hostiles . | . . . . . Follow-up Attacks . | . . . . . Damage Inflicted 7864 | . 222 922 1235 5485 Guns 3190 | . 222 390 425 2153 Cannons 2491 | . . 488 584 1419 Explosions 2137 | . . 44 221 1872 Melee . | . . . . . Ramming 46 | . . . 5 41 Kinetic 2586 | . 85 378 232 1891 Thermal 1888 | . 137 375 584 792 Explosive 1439 | . . . . 1439 Electromagnetic 1905 | . . 169 414 1322 Impact . | . . . . . Slashing . | . . . . . Piercing . | . . . . . Highest Corruption 15 | . . . 6 15 Average Corruption 3 | . . . 5 3 Corruption Purged . | . . . . . Corruption Blocked 2 | . . . . 2 Effects 65 | . . . 18 47 Message Errors 20 | . . . 6 14 Matter Fused 14 | . . . 4 10 Heat Flow Errors 7 | . . . 2 5 Energy Discharges 9 | . . . 2 7 Data Loss (minor) 6 | . . . 2 4 Data Loss (major) 3 | . . . 1 2 Misfires 4 | . . . 1 3 Alerts 1 | . . . . 1 Weapon Failures 1 | . . . . 1 Overload Shots . | . . . . . Overflow Damage 44 | . . 17 6 21 Projectiles 21 | . . 17 1 3 Explosions 23 | . . . 5 18 Melee . | . . . . . Knockbacks 6 | . . 3 . 3 Impact . | . . . . . Kinetic 6 | . . 3 . 3 Secondary . | . . . . . Self-Inflicted Damage 151 | . . 18 . 133 Shots 5 | . . 1 . 4 Rammed 12 | . . . 3 9 Targets Rammed 13 | . . . 3 10 Kicked . | . . . . . Crushed 1 | . . . . 1 Highest Temperature 396 | . 210 321 396 388 Average Temperature 105 | . 115 80 145 91 Received Heat Transfer 1431 | . 30 189 396 816 Effects 3 | . . . 3 . Shutdowns 2 | . . . 2 . Interference 1 | . . . 1 . Siege Activations . | . . . . . Robots Corrupted 6 | . . . 3 3 Combat Hostiles 6 | . . . 3 3 Parts Fried 6 | . . . 2 4 Impact Corruptions . | . . . . . Robots Melted . | . . . . . Combat Hostiles . | . . . . . Parts Melted 11 | . 1 3 6 1 Heat Transferred 3678 | . 629 827 1036 1186 Parts Sabotaged . | . . . . . Parts Stolen . | . . . . . Parts Stripped . | . . . . . Power Chain Reactions 2 | . . 1 . 1 Alert | -11 -10 -9 -8 -7 ------- Run | Yrd Mat Mat Mat Fac Peak Influence 1146 | . 242 487 413 1146 Initial 190 | . . 102 190 142 Average 385 | . 144 296 279 439 Maximum Alert Level 4 | . 1 2 2 4 Low Security (%) 34 | . 54 20 20 39 Level 1 29 | . 45 54 62 17 Level 2 19 | . . 24 17 19 Level 3 15 | . . . . 22 Level 4 . | . . . . . Level 5 . | . . . . . High Security . | . . . . . Max Security . | . . . . . Squads Dispatched 22 | . 2 3 2 15 Investigation 9 | . 1 3 1 4 Extermination 4 | . . . . 4 Reinforcement 7 | . 1 . . 6 Assault . | . . . . . Garrison 2 | . . . 1 1 Intercept . | . . . . . Searches Triggered . | . . . . . Construction Impeded 1 | . . . . 1 Haulers Reinforced . | . . . . . Active Scanning Responses . | . . . . . Cargo Convoy Interrupts . | . . . . . Stealth | -11 -10 -9 -8 -7 --------- Run | Yrd Mat Mat Mat Fac Distress Signals 6 | . 2 2 1 1 Communications Jammed . | . . . . . Distress Signals . | . . . . . Times Spotted 117 | . 13 21 21 62 Peak Tracking Total 9 | . 9 4 5 8 Tactical Retreats 6 | . . 2 . 4 Traps | -11 -10 -9 -8 -7 ------- Run | Yrd Mat Mat Mat Fac Traps Triggered 9 | . 1 1 3 4 Indirectly 1 | . . . . 1 Trap Hack Attempts . | . . . . . Triggered . | . . . . . Disarmed . | . . . . . Reprogrammed . | . . . . . Reused . | . . . . . Traps Extracted . | . . . . . Installed . | . . . . . Triggered . | . . . . . Machines | -11 -10 -9 -8 -7 ---------- Run | Yrd Mat Mat Mat Fac Machines Disabled 20 | . . 1 1 18 Max in Single Turn 6 | . . 1 1 6 Machines Repaired . | . . . . . Machines Dismantled . | . . . . . Machines Sabotaged . | . . . . . Overloaded Fab Kills . | . . . . . Hacking | -11 -10 -9 -8 -7 --------- Run | Yrd Mat Mat Mat Fac Machines Accessed 18 | . 1 3 4 10 Terminals 9 | . 1 1 3 4 Fabricators 4 | . . . . 4 Repair Stations 1 | . . . . 1 Recycling Units 2 | . . 1 1 . Scanalyzers 2 | . . 1 . 1 Garrison Access . | . . . . . Total Hacks 71 | . 5 9 18 39 Successful 42 | . 2 5 6 29 Failed 28 | . 2 4 12 10 Catastrophic 5 | . . 2 1 2 Database Lockouts 1 | . 1 . . . Manual 26 | . 2 5 13 6 Terminals 36 | . 5 4 17 10 Fabricators 14 | . . . . 14 Repair Stations 2 | . . . . 2 Recycling Units 3 | . . 2 1 . Scanalyzers 16 | . . 3 . 13 Garrison Access . | . . . . . Terminal Hacks 13 | . 2 1 4 6 Part Schematic 2 | . . . 2 . Robot Schematic 1 | . . . . 1 Prototype ID Bank 5 | . 1 1 1 2 Emergency Access Points 1 | . . . . 1 Fabricator Index 1 | . . . . 1 Alert Level 1 | . 1 . . . Locate Traps 2 | . . . 1 1 Fabricator Hacks 7 | . . . . 7 Network Status 1 | . . . . 1 Load Schematic 3 | . . . . 3 Build 3 | . . . . 3 Repair Station Hacks 2 | . . . . 2 Scan Component 1 | . . . . 1 Repair 1 | . . . . 1 Recycling Unit Hacks 2 | . . 1 1 . Report Inventory 1 | . . 1 . . Retrieve Components 1 | . . . 1 . Scanalyzer 13 | . . 2 . 11 Insert Component 6 | . . 1 . 5 Analyze 7 | . . 1 . 6 Garrison Access Hacks . | . . . . . Unauthorized Hacks 5 | . . 1 1 3 Terminals 2 | . . . 1 1 Botnet 2 | . . . 1 1 Fabricators 1 | . . . . 1 Prioritize 1 | . . . . 1 Repair Stations . | . . . . . Recycling Units . | . . . . . Scanalyzers 2 | . . 1 . 1 Extract 2 | . . 1 . 1 Garrison Access . | . . . . . Data Cores Recovered . | . . . . . Used . | . . . . . Hacking Detections 16 | . 1 3 3 9 Full Trace Events 9 | . 1 2 3 3 Feedback Events . | . . . . . Feedback Blocked . | . . . . . Robot Schematics Acquired 1 | . . . . 1 Robots Built . | . . . . . Authchips . | . . . . . Time 134 | . . . . 134 Total Robot Build Rating . | . . . . . Part Schematics Acquired 21 | . . 2 2 17 Parts Built 2 | . . . . 2 Authchips . | . . . . . Time 122 | . . . . 122 Total Part Build Rating 5 | . . . . 5 Parts Repaired 1 | . . . . 1 Time 13 | . . . . 13 Parts Recycled . | . . . . . Recycled Matter . | . . . . . Retrieved Matter . | . . . . . Retrieved Components 4 | . . . 4 . Parts Scanalyzed 6 | . . 1 . 5 Part Schematics Acquired 5 | . . 1 . 4 Parts Damaged 1 | . . . . 1 Bothacking | -11 -10 -9 -8 -7 ------------ Run | Yrd Mat Mat Mat Fac Used RIF Installer . | . . . . . Robots Hacked . | . . . . . Non-combat . | . . . . . Combat . | . . . . . Robot Hacks Applied . | . . . . . Relay Couplers Released 4 | . . . . 4 Programmers 4 | . . . . 4 Fabnet Peak Effective % . | . . . . . Robots Rewired 1 | . . . . 1 Allies Hacked . | . . . . . Hacks Repelled . | . . . . . Allies | -11 -10 -9 -8 -7 -------- Run | Yrd Mat Mat Mat Fac Total Allies 1 | . . . . 1 Largest Group 1 | . . . . 1 Highest-Rated Group 34 | . . . . 34 Highest-Rated Ally 34 | . . . . 34 Total Orders . | . . . . . Ally Attacks 5 | . . . . 5 Total Damage 657 | . . . . 657 Kills 4 | . . . . 4 Allies Corrupted . | . . . . . Allies Melted . | . . . . . Intel | -11 -10 -9 -8 -7 ------- Run | Yrd Mat Mat Mat Fac Robot Analysis Total . | . . . . . Derelict Logs Recovered . | . . . . . Drone Launches . | . . . . . Drone Recoveries . | . . . . . Exploration | -11 -10 -9 -8 -7 ------------- Run | Yrd Mat Mat Mat Fac Turns Passed 4071 | . 185 544 546 2796 Spaces Moved 2203 | 1 90 233 244 1635 Core 16 | . . . . 16 Treads 1011 | . 8 233 188 582 Legs 83 | 1 82 . . . Wheels 934 | . . . 56 878 Hover 76 | . . . . 76 Flight 83 | . . . . 83 Fastest Speed 30 | 120 120 160 95 30 Average Speed 135 | 120 137 160 156 128 Slowest Speed 240 | 120 190 160 240 240 Overloaded Moves . | . . . . . Propulsion Burnouts . | . . . . . Robots Hopped 1 | . . . . 1 Cave-ins Triggered 1 | . . . . 1 Exploration Rate (%) 21 | 2 34 19 21 33 Regions Visited 4 Branch Regions . Pre-discovered Areas . | . . . . . Known Exits Taken . | . . . . . Unknown Exits Taken 4 | 1 1 1 1 . Scrap Searched . | . . . . . Spaces Dug . | . . . . . Terrain Destroyed 149 | . . 3 1 145 Melee . | . . . . . Projectile 7 | . . . 1 6 AOE 142 | . . 3 . 139 Terrain Rammed . | . . . . . Walls Destroyed . | . . . . . Machines Disabled . | . . . . . Actions | -11 -10 -9 -8 -7 --------- Run | Yrd Mat Mat Mat Fac Total 2900 | . 122 316 342 2120 Wait 209 | . . 2 12 195 Move 2197 | . 89 232 243 1633 Hop 1 | . . . . 1 Pick Up 37 | . 3 6 5 23 Fast Attach 61 | . 4 6 15 36 Attach 23 | . 3 1 4 15 Detach 18 | . 3 1 4 10 Swap 46 | . . 10 9 27 Drop 65 | . 3 11 8 43 Fire 228 | . 17 47 39 125 Melee . | . . . . . Ram 1 | . . . . 1 Kick . | . . . . . Crush 12 | . . . 3 9 Escape Stasis . | . . . . . Rewire 2 | . . . . 2 Trap . | . . . . . Miscellaneous . | . . . . . Route ------- -11/Scrapyard -10/Materials -9/Materials -8/Materials -7/Factory (discovered 2 exits: [*Fac] / *Low) History --------- Turn | Location | Event 1 | -11/Scrapyard | Discovered new exit (range 0) 1 | -11/Scrapyard | Entered Materials 14 | -10/Materials | Central database locked down 126 | -10/Materials | Destroyed 8 combat bots 154 | -10/Materials | Discovered new exit (range 14) 186 | -10/Materials | Entered another Materials area 186 | -9/Materials | Evolved 2 slots: Utility x2 315 | -9/Materials | Build established: Mutant 658 | -9/Materials | Discovered new exit (range 16) 730 | -9/Materials | Entered another Materials area 730 | -8/Materials | Evolved 2 slots: Power x1, Weapon x1 1057 | -8/Materials | Lost 4 parts (2p2n) 1240 | -8/Materials | Discovered new exit (range 10) 1253 | -8/Materials | Garrison activated, responded to threat 1276 | -8/Materials | Entered Factory 1276 | -7/Factory | Evolved 2 slots: Propulsion x1, Utility x1 1501 | -7/Factory | Repaired Lgt. Treads 1576 | -7/Factory | Build established: Tank 2337 | -7/Factory | Discovered new exit (range 15) 2447 | -7/Factory | Fabricated Imp. Medium Laser (x1) 2847 | -7/Factory | Build established: Skirmisher 2916 | -7/Factory | Fabricated Imp. Sensor Array (x1) 3166 | -7/Factory | Lost 3 parts (2p1n) 3388 | -7/Factory | Build established: Mutant 3404 | -7/Factory | Core integrity fell below 50% 3715 | -7/Factory | Identified exit to Lower Caves 4040 | -7/Factory | Discovered new exit (range 12) 4046 | -7/Factory | Garrison activated, responded to threat 4064 | -7/Factory | Crushed by falling debris 4064 | -7/Factory | Core integrity fell below 20% 4064 | -7/Factory | System corruption reached 10% 4072 | -7/Factory | Destroyed by S-27 Virus with Autogun Last Messages --------------- 04057_ H-61 Shepherd calls for reinforcements. 04057_ ALERT: Hostile activity reported, dispatching reinforcements to area. 04059_ Imp. Weapon Shielding destroyed. 04062_ Knocked back. 04062_ Cld. Particle Cannon destroyed. 04062_ Destroyed Cld. Particle Cannon. 04062_ Manufacturing Mainframe disabled. 04064_ The unstable cave ceiling collapses. 04064_ Crushed by falling debris. 04064_ Imp. Propulsion Shielding destroyed. 04064_ System corrupted by crushing effect (+1). 04064_ Mic. Nuclear Core destroyed. 04064_ System corrupted by crushing effect (+5). 04064_ Imp. Medium Laser destroyed. 04064_ System corrupted by crushing effect (+5). 04065_ K302I%6ON6SMDXQKR9XD 04068_ Hvy. Missile Launcher destroyed. 04070_ The unstable cave ceiling collapses. 04070_ Knocked back. Map ----- +----------------------------------------------------+ | ?????????????????????????????????????????????????? | | ?????????????????????????????????????????????????? | | ?????????????????????????????????????????????????? | | ????#########????????????????????????????????????? | | ????# #????????????????????????????????????? | | ???## """ = #???????????????????????????########## | | ???#" "R ###########?????????????????#| | | ????# "" # #?????????????????# | | ???## ! # #?????????????????# | | ???#" *=" #?????????????????# / | | ??##" #?????????????????# | | ??# " #?????????????????# """ """ | | ??##" #?????????????????# """ """ | | ###"" #?????????????????# """ """ | | "" " #####?????????????########## | | #"""" ""######+## ??????????????????????? | | *= ??????????????????????? | | u < ??????????????????????? | | % ????????????????????? ? | | "################+## ???????????????? | | ##????????? ????# #?????????????? | | ####????????? ???# #?????????????? | | #??????????? ???# #?????????????# | | #????????? [ ### ##?????????????#+####### | | #????????????! # ###???????????# #?????# | | #???????????????#### @ #####????#### #?????# | | #???????????????# +?t?? # ####### | | #???????????????# """ #####???? + | | ????????????????# """ [ # #?????? # | | ????????????????# "" xH% ############ | | ????????????????# "" * s | | ????????????????# = s ######### | | ????????????????#### g# #????####+## | | ???????????????????# # #????# # | | ######?????????????#### #g# ###????# ! # | | #????????????????### ###??????# # | | " ! #??????????????????# #????????# + # | | S #??????????????????#g#????????# # ### | | #?????????????????? ????????# # #?# | | #?????????????????? ????????# # #?# | | " #?????????????????? ????????####### #?# | | " #????###?????????? ????????# # #?# | | " ###### #########?? ""????????# """ # #?# | | # #?? ""????????# """ # #?# | | #+###### # ! ##? "?????????# """ # #?# | | # ### "?????????# "" + #?# | | # # "?????????# "" # #?# | | * [ # "?"???????# # #?# | | [ # # ! ???????####### #?# | | # # ??????????????# #?## | +----------------------------------------------------+ Best States ------------- Heat Dissipation 61 Energy Generation 24 Energy Capacity 250 Matter Stores 300 Matter Capacity 300 Sight Range 16 Robot Scan Range 15 Terrain Scan Range 16 Terrain Scan Density 10 Corruption Block 8 Armor Coverage 225 Resistance: KI 20 Propulsion Shielding 66 Weapon Shielding 66 Evasion (%) 63 Recoil Reduction 6 Offensive Hacking 10 Item Schematics ----------------- Imp. Sensor Array | -9/Materials | Scanalyzed Welding Torch | -9/Materials | Extracted Imp. Medium Laser | -8/Materials | Hacked Imp. EM Shotgun | -8/Materials | Hacked Cld. Particle Cannon | -7/Factory | Scanalyzed Adv. ECM Suite | -7/Factory | Scanalyzed Imp. Cooling System | -7/Factory | Scanalyzed Gauss Cannon | -7/Factory | Scanalyzed Energy Filter | -7/Factory | Extracted Hvy. Hammer | -7/Factory | Extracted Xenon Bombardment Thruster | -7/Factory | Extracted Arc Projector | -7/Factory | Extracted Gauss Rifle | -7/Factory | Extracted Lrg. Battery | -7/Factory | Extracted Pulse Rifle | -7/Factory | Extracted Med. Battery | -7/Factory | Extracted Great Axe | -7/Factory | Extracted Adv. Terrain Scan Processor | -7/Factory | Extracted Imp. Power Shielding | -7/Factory | Extracted Ion Cannon | -7/Factory | Extracted Wheel | -7/Factory | Extracted Robot Schematics ------------------ H-55 Commando | -7/Factory | Hacked Fabricated ------------ Imp. Medium Laser | x1 | -7/Factory Imp. Sensor Array | x1 | -7/Factory Alien Tech Used ----------------- None Achievements -------------- None Challenges ------------ None Game ------ Seed DrainedMeleeFilter Manual? 0 Play Time 00:26:54 Cumulative 761.9 hours Start 2024.06.12 @ 16:56:55 End 2024.06.12 @ 17:24:20 Sessions 1 Manual Loads 0 Difficulty Rogue Special Mode None Game No. 853 Rogue 577 Adventurer 123 Explorer 153 Win Type - Total 28 Types 22/0/4/1/0/0/0/1/0 Lore% 84 Gallery% 92 Achievement% 76 Wizard Run 0 Options --------- Layout 0 ASCII 0 Keyboard 1 Movement Numpad Keybinds 0 Fullscreen 2 Font 18/Terminus Map View 76x50 Zoom Use 0% Tactical HUD 1 Map Filters NONE Filters SHIFT_HUE(360) Steam 1 RUN: b33a195c-6283-4955-b4e6-407d6a1389eb